 Dungeon Crawl Stone Soup version 0.27.1-33-g824d729ab1 (webtiles) character file.

Game seed: 1302312388093710484

0 Descartes the Sneak (level 1, -3/10 HPs)
             Began as a Felid Delver on Dec 9, 2021.
             Slain by a hornet zombie (12 damage)
             ... on level 5 of the Dungeon.
             The game lasted 00:01:21 (170 turns).

Descartes the Sneak (Felid Delver)                   Turns: 170, Time: 00:01:21

Health: -3/10      AC:  1    Str:  8    XL:     1   Next: 0%
Magic:  2/2        EV: 17    Int: 11    God:
Gold:   0          SH:  0    Dex: 17    Spells: 0/0 levels left
                                        Lives:  0   Deaths: 0

rFire    . . .     SeeInvis +     - Unarmed
rCold    . . .     Faith    .   (shield unavailable)
rNeg     . . .     Spirit   .   (armour unavailable)
rPois    .         Reflect  .   (helmet unavailable)
rElec    .         Harm     .   (cloak unavailable)
rCorr    .         Rampage  .   (gloves unavailable)
Will     .....                  (boots unavailable)
Stlth    +++.......             (no amulet)
HPRegen  0.03/turn              (no ring)
MPRegen  0.08/turn              (no ring)

@: quick
A: very small, claws 1, fangs 3, see invisible, speed 1, shaggy fur 1, stealthy
paws, no weapons or thrown items, no armour, multi-lived
a: no special abilities


You were on level 5 of the Dungeon.
You visited 2 branches of the dungeon, and saw 2 of its levels.

Inventory:

Wands
 e - a wand of digging (3)
Scrolls
 a - a scroll of fog
 b - a scroll of magic mapping
 c - a scroll of fear
Potions
 d - a potion of haste


   Skills:
 - Level 3.0 Fighting
 + Level 2.6 Dodging
 + Level 6.6 Stealth
 + Level 2.0 Unarmed Combat


You couldn't memorise any spells.
You didn't know any spells.
Your spell library contained the following spells:

 Spells                   Type           Power      Damage    Failure   Level
 Corona                   Hex            0%         N/A       34%         1
 Ensorcelled Hibernation  Hex/Ice        0%         N/A       47%         2
 Tukima's Dance           Hex            0%         N/A       71%         3


Dungeon Overview and Level Annotations

Branches:
Dungeon (5/15)             Temple (1/1) D:5

Altars:
Ashenzari
Elyvilon
Fedhas
Gozag
Okawaru
Qazlal
Ru
Sif Muna
Trog
Uskayaw
Vehumet
Yredelemnul
The Shining One


Innate Abilities, Weirdness & Mutations

You have sharp claws.
You have razor-sharp teeth.
You have supernaturally acute eyesight. (SInv)
You cover ground quickly. (Speed+)
You are covered in fur. (AC +1)
Your paws help you pounce on unaware monsters.
You are incapable of wielding weapons or throwing items.
You cannot wear armour.
You gain extra lives every three experience levels.


Message History

Done exploring.
There is an opulent altar of Gozag here.
You sit before the altar of Gozag.
Gozag does not accept service from beggars like you!
The service fee for joining is currently 6 gold; you have none.
Unknown command.
Press < or > to pray at altars.
There is a shimmering blue altar of Sif Muna here.
There is a radiant altar of Vehumet here.
There is a staircase back to the Dungeon here.
You climb upwards.
An adder comes into view.
There is a staircase to the Ecumenical Temple here.
A phantom comes into view.
You hear a distant slurping noise.
Found a chain mail.
A hornet zombie comes into view.
Found 2 coppery potions.
Found a book of Maledictions.
Found a ring mail.
A hornet zombie is nearby!
You see here a book of Maledictions.
You pick up a book of Maledictions and begin reading...
You add the spells Corona, Ensorcelled Hibernation and Tukima's Dance to your library.
The hornet zombie completely misses you.
You barely miss the hornet zombie. The hornet zombie closely misses you.
You scratch the hornet zombie. Your claw misses the hornet zombie.
The hornet zombie is lightly damaged.
The hornet zombie hits you. The hornet zombie closely misses you.
You barely miss the hornet zombie. You bite the hornet zombie.
The hornet zombie is lightly damaged.
The hornet zombie completely misses you.
You scratch the hornet zombie.
The hornet zombie is lightly damaged.
The hornet zombie closely misses you.
You scratch the hornet zombie but do no damage.
The hornet zombie is lightly damaged.
The hornet zombie hits you!
Ouch! That really hurt!
You die...

#.....# #..[..#
#.....# #.....+
#....!# #.....# #
#.....# .# #.....##.
####@#..... #. #
#Z#.#... .
###.#.###########.
#..................#
#.#####.#.........P#
#.#.###.# ..........
# ##.##.# .......P#
##...# ..... #
#.#..# ^. #


You could see a hornet zombie.

Vanquished Creatures (others)
  A plant (D:5)
1 creature vanquished.

Notes
Turn   | Place    | Note
-------+----------+-------------------------------------------
     0 | D:5      | Descartes the Felid Delver began the quest for the Orb.
     0 | D:5      | Reached XP level 1. HP: 10/10 MP: 2/2
     9 | D:5      | Found a staircase to the Ecumenical Temple.
    17 | Temple   | Entered the Ecumenical Temple
   117 | D:5      | Noticed a phantom
   157 | D:5      | Noticed a hornet zombie
   170 | D:5      | Slain by a hornet zombie

Illustrated notes

Levels and vault maps discovered:
D:5:      layout_basic, minmay_temple_entry_gardened_gates,
          minmay_misc_feat_rugged, uniq_grinder
Temple:   cyrus_circular_temple

Action                   || total
-------------------------++-------
Melee: Unarmed           ||     5
       Bite              ||     1
Dodge: Dodged            ||     5
